 Dungeon Crawl Stone Soup version 0.24.1-4-ge52af88ad5 (webtiles) character file.

Game seed: 17550422539898259986, levelgen mode: deterministic

4381 MajorAdolf the Cleaver (level 10, -9/96 HPs)
             Began as a Naga Wanderer on Apr 20, 2020.
             Mangled by an orc warrior
             ... wielding a +0 short sword
              (10 damage)
             ... on level 7 of the Dungeon.
             The game lasted 00:20:27 (11745 turns).

MajorAdolf the Cleaver (Naga Wanderer)             Turns: 11745, Time: 00:20:27

Health: -9/96      AC: 15    Str: 18    XL:     10   Next: 35%
Magic:  14/14      EV:  3    Int: 11    God:
Gold:   529        SH:  3    Dex: 12    Spells: 9/9 levels left

rFire    + . .     SeeInvis +   p - +3 war axe
rCold    . . .     Gourm    .   (no shield)
rNeg     . . .     Faith    .   y - +2 plate armour {rF+}
rPois    +         Spirit   .   E - +0 helmet
rElec    .         Reflect  +   c - +0 cloak
rCorr    .         Harm     .   (no gloves)
MR       +....                  (no barding)
Stlth    ..........             t - +3 amulet of reflection
HPRegen  0.26/turn              (no ring)
MPRegen  0.14/turn              (no ring)

@: studying Maces & Flails, very slow
A: large, see invisible, deformed body, poison resistance, slowness 2, slow
metabolism 1, spit poison 1, AC +3
a: Spit Poison


You were on level 7 of the Dungeon.
You were not hungry.

You visited 3 branches of the dungeon, and saw 11 of its levels.

You collected 529 gold pieces.

Inventory:

Hand Weapons
 l - a +0 broad axe
 p - a +3 war axe (weapon)
 s - a +2 hand axe of freezing
Missiles
 b - 38 bolts
Armour
 c - a +0 cloak (worn)
 y - a +2 plate armour of fire resistance (worn)
 E - a +0 helmet (worn)
Jewellery
 t - a +3 amulet of reflection (around neck)
 B - an uncursed ring of fire
Scrolls
 a - a scroll of brand weapon {unknown}
 d - 3 scrolls of teleportation
 f - a scroll of blinking
 r - 3 scrolls of remove curse
 u - 3 scrolls of amnesia
Potions
 e - 2 potions of mutation {unknown}
 h - 3 potions of flight
 j - a potion of agility
 m - 2 potions of ambrosia
 n - 3 potions of curing
 o - a potion of degeneration {unknown}
 q - 2 potions of brilliance {unknown}
 w - 2 potions of magic
 z - 2 potions of heal wounds {unknown}
 A - 2 potions of lignification {unknown}
Books
 i - a manual of Maces & Flails
Comestibles
 g - a ration


   Skills:
 + Level 7.7 Fighting
 + Level 9.7 Axes
   Level 1.0 Crossbows
 + Level 5.9 Armour
 - Level 3.0 Stealth
   Level 5.5 Evocations


You had 9 spell levels left.
You didn't know any spells.
Your spell library was empty.

Dungeon Overview and Level Annotations

Branches:
Dungeon (9/15)             Temple (1/1) D:5            Lair (0/6) D:8
    Orc (1/2) D:9

Altars:
Ashenzari
Dithmenos
Elyvilon
Fedhas
Hepliaklqana
Makhleb
Okawaru
Qazlal
Ru
Sif Muna
Trog
Uskayaw
Vehumet
Wu Jian
Zin
The Shining One
Beogh

Annotations:
D:9 Pikel


Innate Abilities, Weirdness & Mutations

You cannot wear boots.
Your serpentine skin is tough. (AC +3)
You have supernaturally acute eyesight. (SInv)
Armour fits poorly on your strangely shaped body.
Your system is resistant to poisons. (rPois)
You cover ground very slowly.
You have a slow metabolism.
You can spit poison.


Message History

You hit the death yak. You block the death yak's attack.
You block the orc warrior's attack.
You hit the orc warrior.
The orc warrior is severely wounded.
You hit the death yak. The death yak gores you!
* * * LOW HITPOINT WARNING * * *
You block the orc warrior's attack.
Unknown command.
You barely miss the orc warrior.
The orc warrior is severely wounded.
You hit the death yak. The death yak gores you.
* * * LOW HITPOINT WARNING * * *
The orc warrior hits you but does no damage.
Unknown command.
You hit the orc warrior but do no damage.
The orc warrior is severely wounded.
You hit the death yak. The death yak gores you!
* * * LOW HITPOINT WARNING * * *
The orc warrior hits you with a +0 short sword!
You die... .# #### #.## ### ## #†# # #yy

# #yy.
##### #....
##...##
#.....
#.....##
.......
##Y.....##
..#.....
#.)@o....#
#.)))....#
#.........#
#.........#
###
#..........
##..##
#..........
.......
#......)...
.......?
#..........
........


You could see a death yak and an orc warrior.

Vanquished Creatures
  A troll (Orc:1)
  A meliai zombie (D:7)
  Sigmund (D:3)
  2 hungry ghosts (D:7)
  Duvessa (D:6)
  A sky beast (D:7)
  An ice beast (D:8)
  4 orc warriors
  A necrophage (D:6)
  5 ogres
  3 centaurs
  6 bullfrogs
  3 scorpions
  Dowan (D:6)
  4 killer bees (D:7)
  A vampire bat (D:3)
  5 crimson imps
  3 hounds
  A gnoll shaman (D:4)
  6 orc priests
  4 bullfrog skeletons
  2 jellies
  6 orc wizards
  2 iguanas
  Natasha (thrice) (D:2)
  7 worker ants
  A hound skeleton (D:4)
  A worker ant zombie (D:6)
  Robin (D:2)
  5 gnolls
  6 adders
  A howler monkey skeleton (D:7)
  A white imp (D:6)
  An ooze (D:1)
  An adder zombie (D:6)
  4 adder skeletons
  2 worms
  2 dart slugs (D:1)
  4 leopard geckos
  27 orcs
  14 bats
  7 giant cockroaches
  13 goblins
  7 hobgoblins
  9 jackals
  A quokka (D:8)
  A ball python (D:1)
  A ball python skeleton (D:4)
  A frilled lizard (D:4)
  A jackal zombie (D:6)
  7 kobolds
  2 quokka zombies (D:6)
  9 rats
205 creatures vanquished.

Notes
Turn   | Place    | Note
-------+----------+-------------------------------------------
     0 | D:1      | MajorAdolf the Naga Wanderer began the quest for the Orb.
     0 | D:1      | MajorAdolf set off with the following items: a +2 hand
                  | crossbow, 22 bolts, a +0 mace, a scroll of teleportation, a
                  | +0 robe, a +0 dagger, a ration
     0 | D:1      | Reached XP level 1. HP: 21/21 MP: 1/1
   494 | D:1      | Reached XP level 2. HP: 28/28 MP: 2/2
  1132 | D:1      | Reached XP level 3. HP: 33/36 MP: 3/3
  1445 | D:2      | Found a blossoming altar of Fedhas.
  1445 | D:2      | Noticed a bullfrog
  1575 | D:2      | Killed a bullfrog
  1575 | D:2      | Reached skill level 3 in Axes
  1575 | D:2      | Reached XP level 4. HP: 15/44 MP: 4/4
  1829 | D:2      | Noticed Natasha
  2087 | D:2      | Reached XP level 5. HP: 50/50 MP: 5/5
  2422 | D:3      | Found a hazy altar of Hepliaklqana.
  2495 | D:3      | Noticed Sigmund
  2671 | D:2      | Noticed Robin
  2686 | D:2      | Reached skill level 4 in Axes
  2697 | D:2      | Killed Robin
  2896 | D:2      | Killed Natasha
  2906 | D:2      | Noticed Natasha
  2914 | D:2      | Killed Natasha
  2914 | D:2      | Reached XP level 6. HP: 57/57 MP: 6/6
  3001 | D:2      | Noticed Natasha
  3006 | D:2      | Killed Natasha
  3006 | D:2      | Reached skill level 5 in Axes
  3555 | D:3      | Killed Sigmund
  3555 | D:3      | Reached skill level 6 in Axes
  3555 | D:3      | Reached XP level 7. HP: 41/64 MP: 7/7
  4771 | D:4      | Reached skill level 7 in Axes
  5313 | D:4      | Found a sacrificial altar of Ru.
  5487 | D:4      | Reached XP level 8. HP: 64/73 MP: 8/8
  5697 | D:5      | Entered Level 5 of the Dungeon
  5748 | D:5      | Reached skill level 5 in Fighting
  6040 | D:5      | Reached skill level 1 in Evocations
  6297 | D:5      | Found a shadowy altar of Dithmenos.
  6421 | D:5      | Reached skill level 8 in Axes
  6641 | D:5      | Found a staircase to the Ecumenical Temple.
  6827 | Temple   | Entered the Ecumenical Temple
  7367 | D:6      | Noticed Duvessa
  7367 | D:6      | Noticed Dowan
  7711 | D:6      | Killed Dowan
  7712 | D:6      | Killed Duvessa
  7712 | D:6      | Reached XP level 9. HP: 48/81 MP: 11/11
  8892 | D:6      | You fall into a shaft and drop 3 floors!
  8892 | D:9      | Noticed Pikel
  8892 | D:9      | Noticed a five-headed hydra
  8893 | D:9      | Noticed a two-headed ogre
  9417 | D:9      | Found a roughly hewn altar of Beogh.
  9417 | D:9      | Found a staircase to the Orcish Mines.
  9490 | Orc:1    | Entered Level 1 of the Orcish Mines
  9490 | Orc:1    | Noticed a troll
  9500 | Orc:1    | Killed a troll
  9500 | Orc:1    | Reached skill level 9 in Axes
  9500 | Orc:1    | Reached skill level 5 in Armour
 10143 | D:6      | Found an iron altar of Okawaru.
 10474 | D:7      | Reached skill level 5 in Evocations
 10474 | D:7      | Reached XP level 10. HP: 8/94 MP: 13/13
 10475 | D:7      | HP: 4/94 [worker ant (4)]
 11502 | D:7      | Found a stormy altar of Qazlal.
 11720 | D:8      | Found a staircase to the Lair.
 11720 | D:8      | Noticed a death yak
 11720 | D:8      | Noticed a death yak
 11726 | D:8      | Noticed a death yak
 11745 | D:7      | HP: 1/96 [death yak (15)]
 11745 | D:7      | Mangled by an orc warrior

Levels and vault maps discovered:
D:1:      lemuel_arrival_broad_hall, layout_loops_cross, minmay_tripent
D:2:      layout_loops_ring, overflow_temple_1_default, uniq_robin, uniq_natasha
D:3:      layout_basic, lemuel_round_altar, roderic_batcave, bh_walls_and_bars,
          uniq_sigmund
D:4:      layout_basic, nicolae_ru_awakened_eye
D:5:      layout_rooms, lemuel_round_altar, minmay_temple_entry_hall,
          first_ration, minmay_manual_monstrance
D:6:      layout_basic, basic_altar, minmay_fire_ice_demons, uniq_duvessa
D:7:      layout_cave_pods, grunt_qazlal_sundering
D:8:      layout_loops_ring, chequers_temple_overflow_minitemple,
          dpeg_lair_monsters, uniq_psyche
D:9:      layout_rooms, xom_redecorated, david_orc_5, uniq_pikel, uniq_grum
Temple:   minmay_temple_forest_path
Orc:1:    cheibrodos_orc_guarddog, layout_caves

Skill      XL: |  1  2  3  4  5  6  7  8  9 |
---------------+----------------------------+-----
Fighting       | 4 5 7 |  7.7
Axes           | 3 4 6 7 8 9 |  9.7
Armour         | 3 4 5 |  5.9
Evocations     | 3 5 |  5.5
Crossbows      | |  1.0
Stealth        | |  3.0

Action                   |  1- 3 |  4- 6 |  7- 9 | 10-12 || total
-------------------------+-------+-------+-------+-------++-------
Melee: Dagger            |    18 |       |       |       ||    18
       Short sword       |    41 |       |       |       ||    41
       War axe           |     5 |    84 |   363 |   111 ||   563
 Abil: Spit Poison       |    30 |    15 |    14 |       ||    59
Evoke: Wand              |       |       |     4 |     7 ||    11
  Use: Scroll            |     6 |     5 |    11 |     1 ||    23
       Potion            |       |       |     2 |       ||     2
 Stab: Sleeping          |     2 |     1 |       |       ||     3
       Paralysed         |       |       |     1 |       ||     1
  Eat: Chunk             |     3 |     5 |    11 |       ||    19
       Ration            |       |       |     5 |     4 ||     9
Armor: Robe              |    14 |    49 |     1 |       ||    64
       Ring mail         |       |       |    30 |       ||    30
       Plate armour      |       |       |   185 |   136 ||   321
Dodge: Dodged            |    44 |    54 |    81 |    17 ||   196
Block: Other             |       |     5 |    42 |    22 ||    69
